 Dungeon Crawl Stone Soup version 0.17.1-3-g152610e (webtiles) character file.

183 inmateoo the Ducker (level 5, 0/42 HPs)
             Began as a Minotaur Necromancer on Feb 24, 2016.
             Slain by a worm (3 damage)
             ... on level 3 of the Dungeon.
             The game lasted 00:03:18 (2927 turns).

inmateoo the Ducker (Minotaur Necromancer)          Turns: 2927, Time: 00:03:19

Health: 0/42       AC: 11    Str: 14    XL:     5   Next: 35%
Magic:  6/6        EV:  7    Int: 12    God:
Gold:   109        SH:  0    Dex: 10    Spells: 0 memorised, 6 levels left

rFire  . . .     SeeInvis .     e - +0 hand axe
rCold  . . .     Clarity  .     h - +1 chain mail
rNeg   . . .     SustAt   .     (no shield)
rPois  .         Gourm    .     (helmet restricted)
rElec  .         Spirit   .     a - +0 cloak
rCorr  .         Warding  .     (no gloves)
rMut   .         Stasis   .     (no boots)
MR     .....                    (no amulet)
Stlth  ..........               (no ring)
                                (no ring)

@: not resistant to hostile enchantments, extremely unstealthy
A: retaliatory headbutt, horns 2
a: no special abilities


You were on level 3 of the Dungeon.
You were hungry.

You visited 1 branch of the dungeon, and saw 3 of its levels.

You collected 109 gold pieces.

Inventory:

Hand Weapons
 e - a +0 hand axe (weapon)
Armour
 a - a +0 cloak (worn)
 h - a +1 chain mail (worn)
Scrolls
 j - a scroll of enchant armour
Potions
 f - a potion of brilliance
 i - 2 potions of lignification
 k - a potion of ambrosia
 l - a potion of magic
 m - a potion of haste {unknown}
 r - a potion of poison {unknown}
 t - a potion of degeneration {unknown}
 u - 2 potions of berserk rage {unknown}
 v - a potion of heal wounds {unknown}
Books
 b - a book of Necromancy

   Spells                             Type                      Level
   a - Pain                           Necromancy                   1
   b - Animate Skeleton               Necromancy                   1
   c - Vampiric Draining              Necromancy                   3
   d - Regeneration                   Charms/Necromancy            3
   e - Animate Dead                   Necromancy                   4
   f - Control Undead                 Necromancy                   4
Comestibles
 c - 2 bread rations
 n - 5 fruits
 o - a slice of pizza


   Skills:
 + Level 2.7 Fighting
 * Level 3.1 Axes
 + Level 2.6 Armour
 + Level 3.5 Dodging
 - Level 1.5 Stealth
 - Level 1.3 Spellcasting
   Level 2.9 Necromancy


You had 6 spell levels left.
You didn't know any spells.

Dungeon Overview and Level Annotations

Branches:
Dungeon (3/15)

Altars:
Makhleb


Innate Abilities, Weirdness & Mutations

You reflexively headbutt those who attack you in melee.
You have a pair of horns on your head.


Message History

You hit the worm.
The worm is heavily wounded.
The worm bites you.
* * * LOW HITPOINT WARNING * * *
You barely miss the worm.
The worm is moderately wounded.
The worm bites you but does no damage.
You hit the worm.
The worm is moderately wounded.
You hit the worm.
The worm is severely wounded.
The worm barely misses you.
Your chain mail prevents you from hitting the worm.
The worm is severely wounded.
The worm bites you!
* * * LOW HITPOINT WARNING * * *
You hit the worm. You headbutt the worm.
The worm is almost dead.
The worm bites you.
You die...

###.#.#..........
#...#.#..######## #.###.#..#
#.. ######.###.#..# #.#
#...........<.# #.# ###
#............#####.# #...
##........).........###....
.................w.>.......
##..............@)........#
#...........######..##...###
#...........# ##.##.....
##########.## #..#...#
###########.#########.#...#
..).............[.....#...#
####################.o....#
#)#(#.## #.#(#.#####


You could see a worm.

Vanquished Creatures
  An orc wizard (D:3)
  2 orc priests (D:3)
  2 adders
  An ooze (D:1)
  An adder zombie (D:1)
  3 worms
  6 orcs
  4 bats
  2 giant cockroaches (D:2)
  6 hobgoblins
  6 jackals
  7 kobolds
  A quokka (D:3)
  2 ball pythons (D:2)
  A giant gecko zombie (D:1)
  2 giant newts
  5 goblins
  2 rats
54 creatures vanquished.

Notes
Turn   | Place    | Note
--------------------------------------------------------------
     0 | D:1      | inmateoo the Minotaur Necromancer began the quest for the Orb.
     0 | D:1      | Reached XP level 1. HP: 14/14 MP: 1/1
    18 | D:1      | Reached skill level 1 in Fighting
   377 | D:1      | Reached XP level 2. HP: 18/23 MP: 3/3
   483 | D:1      | Reached skill level 1 in Armour
  1041 | D:2      | Reached skill level 1 in Axes
  1041 | D:2      | Reached XP level 3. HP: 16/29 MP: 4/4
  1234 | D:2      | Found a burning altar of Makhleb.
  1704 | D:2      | Reached skill level 3 in Dodging
  2009 | D:3      | Reached XP level 4. HP: 16/36 MP: 5/5
  2417 | D:3      | Reached XP level 5. HP: 22/42 MP: 6/6
  2927 | D:3      | Slain by a worm

Action                   |  1- 3 |  4- 6 || total
-------------------------+-------+-------++-------
Melee: Unarmed           |    20 |       ||    20
       Hand axe          |   126 |    82 ||   208
  Use: Scroll            |       |     9 ||     9
  Eat: Chunk             |     4 |     2 ||     6
